Map: World of Sleepers LE

Players

Zest

  • Race: Protoss Protoss
  • League: Master
  • Spawn Location: 7:00

GOReynor (Reynor) - Winner!

  • Race: Zerg Zerg
  • League: Master
  • Spawn Location: 1:00

Event: HomeStory Cup XX

VOD

Have the link to the VOD?

Description

Time

  • Played on: Nov. 24, 2019, 8:38 a.m.
  • Length: 12:53

All games in this series

Show
View Real Time Build Order
Export as new Build Order

Zest Protoss 

Build Orders: 1 Gate Expand, Archon Immortal, Archon Drop, Dark Templar Rush 

Get SALT Encoding   

  12  0:00  Probe  
  13  0:12  Probe  
  14  0:18  Pylon  
  14  0:24  Probe  
  15  0:32  Probe  
  15  0:39  Gateway  
  15  0:40  Probe  
  16  0:46  Assimilator  
  17  0:51  Probe  
  18  1:03  Probe  
  19  1:15  Probe  
  20  1:23  Nexus  
  20  1:32  Cybernetics Core  
  20  1:36  Probe  
  21  1:41  Assimilator  
  21  1:48  Probe  
  21  1:50  Pylon  
  22  1:58  Probe, Adept  
  23  2:06  Probe  
  23  2:09  Warp Gate  
  23  2:14  Probe  
  26  2:21  Twilight Council  
  27  2:26  Probe  
  28  2:31  Probe, Stalker  
  31  2:38  Probe  
  31  2:39  Probe  
  33  2:49  Probe  
  33  2:50  Probe  
  34  2:54  Robotics Facility  
  35  3:01  Probe  
  35  3:03  Probe  
  37  3:13  Probe  
  37  3:14  Dark Shrine  
  37  3:15  Probe  
  39  3:25  Gateway  
  39  3:29  Gateway x2  
  39  3:30  Warp Prism  
  39  3:32  Probe  
  42  3:44  Pylon  
  42  3:45  Probe  
  42  3:47  Probe  
  44  3:50  Assimilator  
  44  3:52  Assimilator  
  44  3:57  Probe  
  44  3:59  Probe  
  44  4:00  Pylon  
  46  4:08  Pylon  
  46  4:09  Probe  
  47  4:11  Probe  
  48  4:21  Probe  
  48  4:24  Probe  
  50  4:38  Nexus  
  50  4:39  Pylon  
  50  4:45  Dark Templar  
  52  4:47  Dark Templar  
  52  4:51  Dark Templar  
  52  4:52  Dark Templar  
  58  4:57  Immortal  
  58  5:02  Probe x2  
  60  5:08  Charge  
  62  5:16  Shield Battery  
  62  5:17  Archon  
  62  5:18  Dark Templar  
  64  5:22  Dark Templar  
  64  5:24  Archon  
  64  5:25  Immortal  
  66  5:36  Probe x2  
  66  5:39  Sentry x2  
  66  5:40  Pylon  
  76  5:48  Probe x2  
  78  5:51  Immortal  
  78  5:59  Probe  
  78  6:00  Probe x2  
  85  6:04  Forge  
  85  6:05  Unknown  
  85  6:06  Gateway  
  85  6:11  Probe  
  85  6:12  Probe  
  88  6:18  Probe  
  88  6:19  Immortal  
  88  6:23  Pylon  
  88  6:24  Probe x2  
  90  6:30  Probe  
  95  6:36  Probe x2, Protoss Ground Weapons Level 1  
  97  6:44  Stalker x4  
  105  6:50  Photon Cannon  
  105  6:56  Photon Cannon  
  105  7:00  Photon Cannon  
  109  7:07  Gateway  
  109  7:08  Immortal  
  109  7:12  Gateway  
  109  7:15  Gateway  
  109  7:18  Pylon  
  109  7:26  Pylon  
  109  7:27  Pylon  
  109  7:28  Pylon  
  109  7:30  Pylon  
  109  7:41  Dark Templar x4  
  117  7:46  Archon x2  
  117  7:47  Observer  
  117  7:48  Gateway  
  117  7:49  Gateway  
  117  7:55  Pylon  
  118  8:04  Gateway x2  
  118  8:07  Warp Prism  
  118  8:08  Dark Templar x3  
  126  8:14  Archon  
  126  8:15  Dark Templar, Archon  
  126  8:16  Dark Templar x3  
  134  8:21  Archon x2  
  134  8:29  Pylon  
  134  8:31  Dark Templar  
  136  8:35  Pylon  
  136  8:37  Pylon  
  136  8:51  Dark Templar x4, Zealot  
  136  8:52  Zealot x4  
  136  8:55  Archon x2  
  96  9:25  Zealot x8  
  68  9:49  Dark Templar x7, Zealot  
  68  9:50  Zealot x4  
  66  9:53  Dark Templar x2  
  66  9:54  Dark Templar x6, Zealot x4  
  66  9:58  Archon x4  
  90  10:12  Warp Prism, Zealot x2  
  90  10:17  Zealot x4  
  102  10:27  Dark Templar x4  
  102  10:28  Zealot x2  
  112  10:34  Zealot  
  114  10:41  Dark Templar x2, Zealot x3  
  114  10:42  Archon x2  
  122  10:43  Warp Prism  
  122  10:55  Dark Templar  
  122  10:56  Dark Templar, Zealot  
  130  11:05  Zealot x5, Archon  
  140  11:13  Dark Templar  
  140  11:14  Dark Templar  
  140  11:15  Observer  
  123  11:40  Archon  
  123  11:43  Archon  
  105  12:03  Dark Templar x4  
  105  12:04  Dark Templar, Zealot x7  
  125  12:11  Archon  
  93  12:24  Zealot x7  
Show
View Real Time Build Order
Export as new Build Order

GOReynor Zerg - Winner!

Build Orders: Hatch First 

Get SALT Encoding   

  12  0:00  Drone  
  13  0:12  Overlord  
  13  0:16  Drone  
  14  0:31  Drone x2  
  16  0:47  Hatchery  
  15  0:51  Drone  
  15  0:54  Drone  
  17  0:57  Drone  
  18  1:08  Extractor  
  17  1:13  Spawning Pool  
  17  1:15  Drone  
  17  1:21  Drone  
  18  1:27  Drone  
  19  1:40  Drone  
  20  1:51  Overlord  
  20  1:59  Queen x2  
  20  2:00  Zergling x4  
  26  2:09  Drone  
  26  2:10  Metabolic Boost  
  26  2:13  Drone  
  28  2:21  Drone x2  
  30  2:36  Hatchery  
  29  2:38  Drone  
  29  2:40  Drone  
  29  2:44  Drone  
  32  2:47  Overlord  
  32  2:52  Zergling x2  
  32  2:54  Drone  
  34  3:03  Drone  
  34  3:04  Queen  
  34  3:05  Drone  
  38  3:10  Overlord  
  38  3:12  Drone x2  
  39  3:15  Drone  
  40  3:22  Zergling x2  
  40  3:24  Drone  
  42  3:30  Lair  
  42  3:31  Drone  
  43  3:35  Drone  
  43  3:37  Roach Warren, Extractor  
  43  3:38  Extractor  
  43  3:40  Drone x2  
  43  3:41  Drone  
  44  3:44  Drone x2  
  44  3:48  Drone x2  
  48  3:53  Zergling x4  
  50  3:56  Drone  
  50  3:58  Overlord  
  51  4:03  Zergling x2  
  51  4:04  Zergling x2  
  51  4:09  Drone  
  54  4:11  Overlord  
  54  4:19  Roach x4  
  54  4:20  Roach  
  64  4:25  Overlord  
  64  4:27  Overseer  
  64  4:29  Glial Reconstitution  
  64  4:30  Drone  
  65  4:32  Roach  
  67  4:39  Overlord x2  
  67  4:47  Drone  
  67  4:48  Spore Crawler, Drone x3  
  67  4:50  Drone  
  67  4:51  Overseer  
  71  4:55  Overseer  
  71  5:03  Drone x8  
  80  5:09  Drone x2  
  80  5:13  Evolution Chamber  
  81  5:14  Overlord  
  81  5:16  Drone  
  82  5:22  Overseer  
  82  5:24  Unknown  
  82  5:25  Overlord  
  80  5:29  Drone x3  
  80  5:34  Roach x5  
  93  5:40  Zerg Melee Weapons Level 1  
  93  5:41  Drone x4  
  93  5:42  Extractor, Drone  
  97  5:46  Pneumatized Carapace  
  97  5:47  Overlord  
  95  5:53  Drone x3  
  98  6:00  Baneling Nest  
  97  6:05  Overseer  
  97  6:07  Roach x3  
  97  6:10  Queen  
  105  6:11  Overlord  
  105  6:12  Hatchery  
  105  6:15  Roach x2  
  101  6:19  Overlord  
  101  6:28  Overlord  
  101  6:32  Overlord  
  101  6:34  Overlord  
  101  6:37  Overlord  
  97  6:41  Spore Crawler  
  97  6:44  Drone x2  
  97  6:45  Centrifical Hooks  
  97  6:46  Roach, Zergling x10  
  105  6:47  Roach  
  105  6:48  Roach, Zergling x2  
  105  6:51  Roach  
  112  6:57  Roach, Zergling x2  
  112  6:58  Zergling x6  
  118  7:04  Roach  
  118  7:08  Drone x2  
  122  7:11  Baneling x7, Ravager x2  
  122  7:12  Ravager  
  122  7:15  Roach  
  126  7:16  Ravager x3  
  126  7:19  Overlord  
  126  7:22  Baneling x7  
  129  7:23  Baneling x3  
  129  7:25  Zergling x12  
  129  7:27  Overseer  
  129  7:29  Overlord  
  135  7:34  Zerg Melee Weapons Level 2  
  135  7:36  Overlord  
  135  7:37  Overlord  
  135  7:44  Drone, Infestation Pit  
  135  7:46  Overlord  
  135  7:48  Drone x7  
  135  7:49  Ravager  
  143  7:58  Roach, Zergling x4  
  143  7:59  Zergling x8  
  143  8:01  Baneling x5  
  143  8:02  Baneling x2  
  151  8:07  Zergling x8  
  151  8:10  Roach, Zergling x2  
  158  8:16  Overlord  
  158  8:19  Ravager, Zergling x10  
  164  8:22  Hive  
  164  8:28  Overlord  
  164  8:34  Overlord x2  
  163  8:47  Baneling x16  
  162  8:49  Zergling x26  
  162  8:54  Spire  
  174  8:59  Ravager x2  
  176  9:03  Roach x2, Zergling x8  
  180  9:11  Zergling x18  
  180  9:13  Zergling x2  
  157  9:18  Queen  
  157  9:19  Zergling x2  
  157  9:21  Zergling x2  
  157  9:22  Zergling x2  
  157  9:23  Zergling x2  
  153  9:29  Roach  
  152  9:32  Zergling x2  
  152  9:33  Zergling x2, Overseer x2  
  152  9:36  Zergling x2  
  140  9:39  Ravager x2  
  140  9:40  Zergling x2  
  140  9:42  Zergling x2  
  140  9:45  Adrenal Glands  
  140  9:46  Drone x4  
  140  9:47  Baneling x9  
  140  9:51  Zergling x6  
  140  9:52  Zergling x4  
  149  9:54  Zergling x6  
  149  9:55  Zergling x2  
  149  9:56  Baneling x2  
  153  10:00  Ravager  
  153  10:01  Ravager, Zergling x4  
  156  10:08  Drone x4  
  157  10:15  Greater Spire  
  157  10:17  Extractor, Drone x4  
  157  10:19  Extractor  
  157  10:20  Hatchery, Zergling x8  
  157  10:21  Zergling x2  
  163  10:22  Baneling x2  
  163  10:34  Zergling x14  
  163  10:43  Drone  
  163  10:47  Zergling x28  
  176  10:50  Overlord  
  176  11:00  Overseer  
  175  11:05  Baneling x6, Corruptor x4  
  175  11:06  Corruptor  
  185  11:21  Roach x2  
  183  11:39  Baneling x5  
  183  11:40  Baneling x4  
  183  11:43  Brood Lord x4  
  183  11:46  Brood Lord  
  191  11:47  Zergling x16  
  194  11:54  Spine Crawler x2  
  194  11:55  Spore Crawler  
  194  11:59  Queen  
  194  12:00  Zergling x14  
  199  12:08  Roach, Zergling x10  
  199  12:13  Zergling x20  
  189  12:19  Roach x2, Zergling x12  
  173  12:22  Zergling x2  
  173  12:26  Zergling x2  
  173  12:28  Zergling x2  
  167  12:31  Zergling x4  
  167  12:33  Evolution Chamber  
Tags
 
Add a new tag
Caveats
  • Supply blocks, unpowered buildings, or Contaminate may cause inaccurate times.
  • Supply counts are checked every 10 seconds.